 Dungeon Crawl Stone Soup version 0.11.3 (console) character file.

22543 Lightli the Nimble (level 12, -11/67 (68) HPs)
             Began as a Deep Elf Stalker on July 4, 2022.
             Was a High Priest of Vehumet.
             Mangled by a black mamba (14 damage)
             ... on Level 4 of the Lair of Beasts.
             The game lasted 01:09:26 (21048 turns).

Lightli the Nimble (Deep Elf Stalker)              Turns: 21048, Time: 01:09:27

HP -11/67 (68)   AC 10     Str  9      XL: 12   Next: 51%
MP  28/32        EV 19     Int 23      God: Vehumet [*****.]
Gold 505         SH  0     Dex 16      Spells:  8 memorised, 10 levels left

Res.Fire  : . . .   See Invis. : .   a - +3,+2 dwarf dagger (elec)
Res.Cold  : + . .   Warding    : .   b - +0 elf robe
Life Prot.: . . .   Conserve   : .   (no shield)
Res.Poison: .       Res.Corr.  : .   r - +1 helmet
Res.Elec. : .       Clarity    : .   F - +2 cloak {darkness}
Sust.Abil.: + .     Spirit.Shd : .   o - +0 pair of gloves
Res.Mut.  : .       Stasis     : .   D - +1 pair of dwarf boots
Res.Rott. : .       Ctrl.Telep.: .   (no amulet)
Saprovore : . . .   Levitation : .   h - ring "Ytuomus" {SustAb rC+ Str+3 Stlth++} Ctrl.Flight: .
                                     I - ring of protection from magic

@: quite resistant to hostile enchantments, quite stealthy
A: deformed body, wild magic 1, AC +1, Str -1
a: Renounce Religion, Evoke Invisibility


You were on level 4 of the Lair of Beasts.
You worshipped Vehumet.
Vehumet was exalted by your worship.
You were not hungry.

You visited 3 branches of the dungeon, and saw 15 of its levels.
You also visited: Sewer.

You collected 569 gold pieces.
You spent 84 gold pieces at shops.

Inventory:

Hand weapons
 a - a +3,+2 dwarven dagger of electrocution (weapon)
Armour
 b - a +0 elven robe (worn)
 o - a +0 pair of gloves (worn)
 r - a +1 helmet (worn)
 D - a +1 pair of dwarven boots (worn)
 F - a +2 cloak of darkness (worn)
Magical devices
 c - a wand of polymorph other (9)
 m - a wand of cold (2)
 B - a wand of polymorph other (17)
Comestibles
 d - 3 meat rations
 f - 3 bread rations
 q - a choko
 A - a honeycomb
 N - a snozzcumber
Scrolls
 x - 2 scrolls of remove curse
 C - 3 scrolls of teleportation
 G - a scroll of recharging
 H - 4 scrolls of magic mapping
 O - a scroll of fog {unknown}
Jewellery
 h - the ring "Ytuomus" (right hand) {SustAb rC+ Str+3 Stlth++}
   (You took it off a centaur on level 9 of the Dungeon)

   [ring of sustain abilities]

   It affects your strength (+3).
   It protects you from cold.
   It makes you much more stealthy.
 n - a +2 ring of strength
 w - an uncursed ring of protection from magic
 y - an uncursed ring of see invisible
 E - an uncursed ring of regeneration
 I - a ring of protection from magic (left hand)
 L - an uncursed ring of protection from cold
Potions
 e - 5 potions of confusion
 g - 4 potions of heal wounds
 i - 3 potions of agility
 k - a potion of invisibility
 l - 3 potions of levitation
 p - 2 potions of brilliance
 s - 2 potions of restore abilities
 t - a potion of slowing
 u - 3 potions of curing
 v - a potion of speed
 z - 8 potions of strong poison
 J - 2 potions of magic
 K - a potion of decay
 M - 2 potions of degeneration
 Q - a potion of might {unknown}
Books
 P - a book of Maledictions

   Spells                             Type                      Level
   Corona                             Hexes                        1
   Sure Blade                         Hexes/Charms                 2
   Ensorcelled Hibernation            Hexes/Ice                    2
   Confuse                            Hexes                        3
   Enslavement                        Hexes                        4
   Invisibility                       Hexes                        6


   Skills:
 - Level 6.7 Fighting
 - Level 10.5 Short Blades
 - Level 10.8 Dodging
 - Level 2.4 Stealth
 - Level 8.3 Stabbing
 - Level 10.3 Spellcasting
 + Level 4.6 Conjurations
 - Level 6.9 Transmutations
 - Level 6.8 Earth Magic
 - Level 6.4 Evocations


You had 10 spell levels left.
You knew the following spells:

 Your Spells              Type           Power        Failure   Level  Hunger
a - Fulsome Distillation  Trmt/Necr      N/A          4%          1    None
b - Evaporate             Fire/Trmt      ######.      5%          2    None
c - Petrify               Trmt/Erth      #######..    11%         4    #......
d - Dig                   Trmt/Erth      #######..    11%         4    #......
e - Summon Butterflies    Summ           ####.....    3%          1    None
f - Blink                 Tloc           N/A          19%         2    None
g - Apportation           Tloc           ####......   13%         1    None
h - Bolt of Fire          Conj/Fire      #####.....   95%         6    ######.


Dungeon Overview and Level Annotations

Branches:
Dungeon (10/27)            Temple (1/1) D:7             Orc (0/4) D:6
   Lair (4/8) D:10          Swamp (0/5) Lair:3
 Shoals: Lair:3-6     Snake: Lair:3-6    Spider: Lair:3-6

Altars:
Ashenzari
Cheibriados
Elyvilon
Fedhas
Kikubaaqudgha
Makhleb
Nemelex Xobeh
Okawaru
Sif Muna
Vehumet
Xom
Yredelemnul

Shops:
D:5: **


Innate Abilities, Weirdness & Mutations

Armour fits poorly on your strangely shaped body.
You are covered in fur (AC +1).
You are weak (Str -1).
Your spells are a little harder to cast, but a little more powerful.


Message History

* * * LOW HITPOINT WARNING * * *
Casting: Petrify
Confirm with . or Enter, or press ? or * to list all spells.
Aiming: Petrify
Press: ? - help, Shift-Dir - straight line, f - black mamba
Aim: a black mamba (almost dead)
The black mamba resists.
* * * LOW HITPOINT WARNING * * *
You feel sick. The black mamba misses you. The black mamba bites you.
* * * LOW HITPOINT WARNING * * *
Unknown command.
Drink which item? (? for menu, Esc to quit)
Okay, then.
Read which item? (? for menu, Esc to quit)
Okay, then.
Drink which item? (? for menu, Esc to quit)
You feel better. The black mamba bites you!
* * * LOW HITPOINT WARNING * * *
The black mamba bites you!
You die...

....# #....##
##.####...#P#..#
....######...P#
#...##....##.#.#
#>.###P..#..###
#...#.....##...f
....#.......###
##.......####...
..............#
#f####......#...
.....f......#.# ###
###........
............#.###..#
##.....#.
..#f.....[.......S.#
#..#.#.#.
.....>..........@#.###
######...
.....#...........%..P####
####
..............#..%./....#
###.###......P..##>f#...#
#.###.......#.f#......
##%.#P.Pf#.........#.#.
#%.(..##......#...#....
##..........?####(....
##....#......## .....


You could see a black mamba.

Vanquished Creatures
  Josephine (D:10)
  Erolcha (D:8)
  A hill giant (D:10)
  7 orc knights (D:10)
  3 black mambas
  4 spiny frogs
  3 komodo dragons
  2 trolls
  A two-headed ogre (D:10)
  A rock troll zombie (D:8)
  A basilisk (Lair:2)
  16 yaks
  A hippogriff (D:10)
  2 hungry ghosts
  A manticore (D:8)
  The ghost of Lightli the Changer, an average DESt (D:3)
  2 cyclops zombies (D:10)
  3 sky beasts
  7 necrophages
  2 ogres
  7 orc warriors
  2 phantoms (D:8)
  7 ice beasts
  2 yellow wasps
  A hippogriff skeleton (D:10)
  5 centaurs
  3 crocodiles
  2 giant slugs
  14 wargs (D:10)
  4 wolves (D:9)
  2 big kobolds
  A brain worm (D:8)
  14 giant frogs
  5 water moccasins
  A gnoll sergeant (D:10)
  2 agate snails
  A troll simulacrum (D:9)
  19 killer bees
  2 goliath beetles
  9 hounds
  4 crimson imps
  15 wights
  2 big kobold skeletons (D:10)
  2 electric eels (D:9)
  Crazy Yiuf (D:6)
  2 hound zombies (D:8)
  A big fish (Sewer)
  4 orc priests
  7 iguanas
  3 porcupines
  5 scorpions
  6 worker ants
  A deep elf soldier (D:10)
  3 orc wizards
  A hound simulacrum (D:9)
  5 sheep (Lair:4)
  A worm zombie (D:6)
  A goliath beetle zombie (D:7)
  3 mummies (D:7)
  12 gnolls
  12 adders
  2 giant centipedes (Lair:1)
  An iguana skeleton (D:6)
  An iguana zombie (D:6)
  An inept feature mimic (D:5)
  A giant mite (Lair:1)
  4 green rats (D:10)
  3 white imps (D:9)
  4 worms
  2 grey rats (Sewer)
  4 giant eyeballs
  9 giant geckos
  48 orcs
  4 ball pythons
  11 goblins
  12 hobgoblins
  20 jackals
  24 kobolds
  8 quokkas
  30 bats
  6 giant cockroaches
  5 giant newts
  A giant spore (D:10)
  A kobold skeleton (D:4)
  25 rats
  A rat skeleton (D:4)
  5 toadstools
487 creatures vanquished.

Vanquished Creatures (others)
  A gnoll (D:10)
  5 orcs
  A kobold (D:8)
  A quokka (D:9)
  6 rats
  3 fungi (D:10)
  22 toadstools
39 creatures vanquished.

Grand Total: 526 creatures vanquished

Notes
Turn   | Place    | Note
--------------------------------------------------------------
     0 | D:1      | Lightli, the Deep Elf Stalker, began the quest for the Orb.
     0 | D:1      | Reached XP level 1. HP: 12/12 MP: 2/2
   358 | D:1      | Reached skill level 3 in Transmutations
   358 | D:1      | Reached XP level 2. HP: 1/16 MP: 4/4
   605 | D:1      | Learned a level 2 spell: Evaporate
  1408 | D:2      | Found a basalt altar of Yredelemnul.
  1749 | D:3      | Noticed Lightli's ghost (average DESt)
  1976 | D:3      | Reached XP level 3. HP: 20/20 MP: 7/7
  2014 | D:3      | Found a glowing drain.
  2021 | D:3      | Reached skill level 4 in Transmutations
  2055 | Sewer    | Entered a sewer
  2336 | Sewer    | Noticed a big kobold
  2358 | Sewer    | Killed a big kobold
  2358 | Sewer    | Reached skill level 5 in Transmutations
  2358 | Sewer    | Reached XP level 4. HP: 21/25 MP: 6/9
  2378 | Sewer    | Reached XP level 5. HP: 2/29 MP: 6/13
  2435 | Sewer    | Learned a level 4 spell: Petrify
  2702 | Sewer    | Found a white marble altar of Elyvilon.
  2870 | D:3      | Reached skill level 1 in Earth Magic
  3436 | D:3      | Killed Lightli's ghost
  3436 | D:3      | Reached XP level 6. HP: 21/34 MP: 15/15
  4088 | D:4      | HP: 1/34 [kobold (2)]
  4524 | D:4      | Found an ancient bone altar of Kikubaaqudgha.
  4741 | D:4      | Noticed an ogre
  4768 | D:4      | Killed an ogre
  4768 | D:4      | Reached skill level 5 in Earth Magic
  4770 | D:4      | Paralysed by a giant eyeball for 4 turns
  4913 | D:4      | Reached XP level 7. HP: 24/38 MP: 18/18
  5019 | D:5      | Entered Level 5 of the Dungeon
  5089 | D:5      | Found Vagissug's General Store.
  5092 | D:5      | Vagissug's General Store was a mimic.
  5197 | D:5      | Found Ykanaera's General Store.
  5407 | D:5      | Found a snail-covered altar of Cheibriados.
  5887 | D:5      | Found Theuh's Assorted Antiques.
  5896 | D:5      | Bought a sedimented white potion for 26 gold pieces
  5896 | D:5      | Bought a scroll of identify for 58 gold pieces
  6491 | D:6      | Found a staircase to the Orcish Mines.
  6691 | D:6      | Reached skill level 5 in Spellcasting
  6808 | D:6      | Reached skill level 6 in Spellcasting
  6942 | D:6      | Reached XP level 8. HP: 10/43 MP: 7/23
  7607 | D:6      | Reached skill level 5 in Dodging
  7804 | D:6      | Noticed Crazy Yiuf
  7819 | D:6      | Killed Crazy Yiuf
  8490 | D:6      | Reached skill level 5 in Stabbing
  8711 | D:6      | Reached XP level 9. HP: 24/45 MP: 22/25
  9269 | D:6      | Reached skill level 1 in Evocations
  9926 | D:8      | Noticed Erolcha
  9939 | D:8      | Killed Erolcha
 10192 | D:8      | Reached skill level 7 in Dodging
 10728 | D:8      | Reached skill level 8 in Dodging
 10778 | D:8      | Paralysed by a yellow wasp for 2 turns
 11020 | D:7      | Found a staircase to the Ecumenical Temple.
 11045 | Temple   | Entered the Ecumenical Temple
 11065 | Temple   | Became a worshipper of Vehumet
 11091 | D:7      | Reached XP level 10. HP: 36/51 MP: 20/26
 11321 | D:7      | Reached skill level 9 in Dodging
 11344 | D:7      | Reached skill level 1 in Fighting
 11989 | D:8      | Learned a level 4 spell: Dig
 12384 | D:9      | Gained mutation: Your spells are a little harder to cast, but a little more powerful. [potion of mutation]
 12384 | D:9      | Gained mutation: You are weak (Str -1). [potion of mutation]
 12384 | D:9      | Gained mutation: You are covered in fur (AC +1). [potion of mutation]
 12452 | D:9      | Acquired Vehumet's first power
 12645 | D:9      | Got a smoking granite ring
 12705 | D:9      | Paralysed by a giant eyeball for 3 turns
 13506 | D:9      | Identified the ring "Ytuomus" {Str+3} (You took it off a centaur on level 9 of the Dungeon)
 13820 | D:9      | Acquired Vehumet's second power
 13874 | D:9      | Reached XP level 11. HP: 52/59 MP: 28/28
 13950 | D:10     | Entered Level 10 of the Dungeon
 14235 | D:10     | Gained mutation: Armour fits poorly on your strangely shaped body. [mutagenic glow]
 14243 | D:10     | Noticed Josephine
 14565 | D:10     | Reached skill level 5 in Short Blades
 14981 | D:10     | Acquired Vehumet's third power
 15041 | D:10     | Noticed a hill giant
 15092 | D:10     | Killed a hill giant
 15251 | D:10     | Killed Josephine
 15556 | D:10     | Found a staircase to the Lair.
 15653 | D:10     | Reached skill level 10 in Spellcasting
 15729 | D:10     | Noticed an orc knight
 15991 | D:10     | Killed an orc knight
 16031 | D:10     | Acquired Vehumet's fourth power
 16041 | D:10     | Noticed an orc knight
 16067 | D:10     | Noticed an orc knight
 16089 | D:10     | Killed an orc knight
 16128 | D:10     | Noticed an orc knight
 16695 | D:10     | Killed an orc knight
 16769 | D:10     | Noticed an orc knight
 16769 | D:10     | Noticed an orc knight
 16770 | D:10     | Noticed an orc knight
 16802 | D:10     | Killed an orc knight
 16889 | D:9      | Paralysed by a giant eyeball for 3 turns
 17029 | D:10     | Killed an orc knight
 17029 | D:10     | Reached skill level 10 in Short Blades
 17052 | D:10     | Killed an orc knight
 17052 | D:10     | Reached XP level 12. HP: 42/64 MP: 29/32
 17164 | D:10     | Killed an orc knight
 17283 | Lair:1   | Entered Level 1 of the Lair of Beasts
 17316 | Lair:1   | Reached skill level 5 in Fighting
 17634 | Lair:1   | Learned a level 1 spell: Summon Butterflies
 17637 | Lair:1   | Learned a level 2 spell: Blink
 18367 | Lair:1   | Learned a level 1 spell: Apportation
 19092 | Lair:2   | Reached skill level 10 in Dodging
 19798 | Lair:3   | Found a staircase to the Swamp.
 20355 | Lair:4   | Identified a scroll of acquirement
 20442 | Lair:4   | Learned a level 6 spell: Bolt of Fire
 20511 | Lair:4   | Reached skill level 1 in Conjurations
 21048 | Lair:4   | HP: 3/67 [black mamba (10)]
 21048 | Lair:4   | Mangled by a black mamba
